 Seeded DCSS version 0.29-a0-311-gcbd9eb2 (webtiles) character file.

Game seed: 5749682856977272197 (custom seed)

3 Ayyar the Sneak (level 1, -1/14 HPs)
             Began as a Gargoyle Delver on Mar 28, 2022.
             Was an Initiate of Hepliaklqana.
             Slain by a quokka (3 damage)
             ... while paralysed by Pikel
             ... on level 5 of the Dungeon.
             The game lasted 00:02:47 (385 turns).

Ayyar the Sneak (Gargoyle Delver)                    Turns: 385, Time: 00:02:48

Health: -1/14      AC:  5    Str: 15    XL:     1   Next: 50%
Magic:  1/1        EV:  2    Int: 10    God:    Hepliaklqana [......]
Gold:   15         SH:  0    Dex: 11    Spells: 0/0 levels left

rFire   . . .      SeeInvis .   a - +0 spear
rCold   . . .      Faith    .   (no shield)
rNeg    + . .      Spirit   .   b - +0 leather armour
rPois   ∞          Reflect  .   (no helmet)
rElec   +          Harm     .   (no cloak)
rCorr   .          Rampage  .   (no gloves)
Will    .....                   (no boots)
Stlth   +++.......              (no amulet)
HPRegen 0.04/turn               (no ring)
MPRegen 0.07/turn               (no ring)

@: paralysed
A: sickness immunity, AC +2, negative energy resistance 1, electricity
resistance, torment resistance 1, petrification resistance
a: Renounce Religion


You were on level 5 of the Dungeon.
You worshipped Hepliaklqana.
Hepliaklqana was noncommittal.
You visited 2 branches of the dungeon, and saw 2 of its levels.

You collected 15 gold pieces.

Inventory:

Hand Weapons
 a - a +0 spear (weapon)
Armour
 b - a +0 leather armour (worn)
Wands
 g - a wand of digging (3)
Scrolls
 c - a scroll of fog
 d - a scroll of magic mapping
 e - a scroll of fear
Potions
 f - a potion of haste


   Skills:
 + Level 3.3 Fighting
 + Level 1.8 Polearms
 + Level 1.6 Dodging
 * Level 5.5 Stealth


You couldn't memorise any spells.
You didn't know any spells.
Your spell library contained the following spells:

 Spells                   Type           Power      Damage    Failure   Level
 Animate Skeleton         Necr           0%         N/A       43%         1
 Apportation              Tloc           0%         N/A       43%         1
 Summon Small Mammal      Summ           0%         N/A       43%         1


Dungeon Overview and Level Annotations

Branches:
Dungeon (5/15)             Temple (1/1) D:5

Altars:
Ashenzari
Cheibriados
Dithmenos
Elyvilon
Fedhas
Hepliaklqana
Kikubaaqudgha
Makhleb
Nemelex Xobeh
Qazlal
Ru
Sif Muna
Trog
Xom
Zin
The Shining One

Annotations:
D:5 Pikel


Innate Abilities, Weirdness & Mutations

You are immune to sickness and miasma.
Your stone body is resilient. (AC +2)
You are immune to poison.
You resist negative energy. (rN+)
You are resistant to electric shocks. (rElec)
You are resistant to unholy torment.
You are immune to petrification.


Message History

Found 12 gold pieces. 2 lemures come into view.
Pikel and a lemure come into view.
Pikel is wielding a +1 whip of freezing and carrying a wand of paralysis (10).
The lemure shouts! x2; You hear a shout!
You hear a roar!
The quokka attacks as you move away! The quokka barely misses you.
The quokka attacks as you move away!
The quokka bites you but does no damage. x2
The quokka attacks as you move away!
The quokka bites you but does no damage.
The quokka barely misses you. The quokka attacks as you move away!
The quokka closely misses you. The quokka bites you.
The quokka attacks as you move away! The quokka misses you.
The quokka attacks as you move away! The quokka bites you.
The quokka attacks as you move away!
The quokka bites you but does no damage.
The quokka barely misses you. x2
The quokka attacks as you move away! The quokka barely misses you.
The quokka attacks as you move away! The quokka closely misses you.
Found an escape hatch in the floor.
The quokka closely misses you. The quokka bites you.
The quokka attacks as you move away! The quokka bites you.
An orc comes into view. It is wielding a +0 short sword.
The quokka twitches its whiskers.
The quokka twitches its whiskers.
The quokka bites you.
There is an escape hatch in the floor here.
You can't go up here!
The quokka attacks as you move away! The quokka closely misses you.
The quokka barely misses you. The quokka misses you.
The quokka attacks as you move away! The quokka bites you.
* * * LOW HITPOINT WARNING * * *
Pikel zaps a wand.
You suddenly lose the ability to move!
The quokka completely misses you.
The quokka bites you but does no damage.
The quokka bites you.
You die...

....## ##.......
.........
#........
#.......
##....o#.
#########........
#.....#.>.#.#
#.@rK5.5#
#.#####.# #. #.#
#. #5# #. #K#
########.# ####.
#..K.5...# ....
#5######.#..w
#.#......#.####.


You could see Pikel, 2 lemures and a quokka.

Vanquished Creatures
  A worm (D:5)
1 creature vanquished.

Notes
Turn   | Place    | Note
-------+----------+-------------------------------------------
     0 | D:5      | Ayyar the Gargoyle Delver began the quest for the Orb.
     0 | D:5      | Reached XP level 1. HP: 14/14 MP: 1/1
   111 | D:5      | Found a staircase to the Ecumenical Temple.
   120 | Temple   | Entered the Ecumenical Temple
   302 | Temple   | Became a worshipper of Hepliaklqana the Forgotten
   353 | D:5      | Noticed a lemure
   353 | D:5      | Noticed a lemure
   354 | D:5      | Noticed Pikel
   354 | D:5      | Noticed a lemure
   382 | D:5      | Paralysed by Pikel for 6 turns
   385 | D:5      | Slain by a quokka

Illustrated notes

Levels and vault maps discovered:
D:5:      minmay_angry_zag, layout_basic, minmay_temple_entry_tees, uniq_pikel
Temple:   eino_temple_rhombus

Action                   || total
-------------------------++-------
Melee: Spear             ||     5
 Stab: Sleeping          ||     1
Armor: Leather armour    ||     5
Dodge: Dodged            ||    13

Table legend: (Time is in decaauts)
 A = Elapsed time spent in this place.
 B = Non-inter-level travel time spent in this place.
 C = Inter-level travel time spent in this place.
 D = Time resting spent in this place.
 E = Time spent auto-exploring this place.
 F = Levels seen in this place.
 G = Mean time per level.
                   A        B        C        D        E       F      G
               +--------+--------+--------+--------+--------+-----+--------+
         Total |    385 |    364 |     21 |      0 |    259 |   2 |  192.5 |
       Dungeon |    196 |    189 |      7 |      0 |    100 |   1 |  196.0 |
        Temple |    188 |    174 |     14 |      0 |    159 |   1 |  188.0 |
               +--------+--------+--------+--------+--------+-----+--------+

Top non-repeatable levels by time:
     D:5: 196 daAuts
  Temple: 188 daAuts
